 Dungeon Crawl Stone Soup version 0.29.0-4-gdea44cf6ec (webtiles) character file.

Game seed: 7080316681264452641

15 qw the Chopper (level 2, -2/17 HPs)
             Began as a Tengu Warper on Aug 28, 2022.
             Succumbed to their own poison gas
             ... on level 1 of the Dungeon.
             The game lasted 00:00:04 (928 turns).

qw the Chopper (Tengu Warper)                        Turns: 928, Time: 00:00:05

Health: -2/17      AC:  3    Str: 11    XL:     2   Next: 50%
Magic:  6/6        EV: 11    Int: 13    God:
Gold:   51         SH:  0    Dex: 13    Spells: 5/5 levels left

rFire   . . .      SeeInvis .   Y - +0 hand axe
rCold   . . .      Faith    .   (no shield)
rNeg    . . .      Spirit   .   b - +0 leather armour
rPois   .          Reflect  .   (helmet restricted)
rElec   .          Harm     .   (no cloak)
rCorr   .          Rampage  .   (no gloves)
Will    .....                   (boots unavailable)
Stlth   +.........              (no amulet)
HPRegen 0.05/turn               (no ring)
MPRegen 0.10/turn               (no ring)

@: brilliant, lethally poisoned (-2 -> -16)
A: beak, talons 3
a: no special abilities


You were on level 1 of the Dungeon.
You visited 1 branch of the dungeon, and saw 1 of its levels.

You collected 51 gold pieces.


Innate Abilities, Weirdness & Mutations

You have a beak for a mouth.
You have claws for feet.


   Skills:
 - Level 2.0 Fighting
 + Level 3.3 Axes
 - Level 1.0 Throwing
 - Level 1.1 Armour
 - Level 2.1 Dodging
 - Level 2.0 Spellcasting
 - Level 2.4 Translocations


You had 5 spell levels left.
You didn't know any spells.
Your spell library contained the following spells:

 Spells                   Type           Power      Damage    Failure   Level
 Blink                    Tloc           22%        N/A       19%         2
 Gell's Gravitas          Tloc           11%        N/A       36%         3
 Lesser Beckoning         Tloc           11%        N/A       36%         3
 Teleport Other           Tloc           11%        N/A       36%         3
 Manifold Assault         Tloc           11%        N/A       98%         5

Inventory:

Hand Weapons
 f - a +0 mace
 Y - a +0 hand axe (weapon)
Armour
 b - a +0 leather armour (worn)
Potions
 d - a potion of resistance {unknown}

Dungeon Overview and Level Annotations

Branches:
Dungeon (1/15)

Altars:


Message History

Enter note:
Enter note: Done exploring.
920 ||| READING scroll labelled ENARYF LUHAIR.
As you read the scroll labelled ENARYF LUHAIR, it crumbles to dust.
The air around you briefly surges with heat, but it dissipates.
It was a scroll of immolation.
Done exploring.
921 ||| READING scroll labelled QECWIM JELAM.
The air fills with toxic fumes!
As you read the scroll labelled QECWIM JELAM, it crumbles to dust.
It was a scroll of poison.
Done exploring.
922 ||| READING scroll labelled DOEXAVOLUW.
As you read the scroll labelled DOEXAVOLUW, it crumbles to dust.
You feel momentarily disoriented.
It was a scroll of magic mapping.
Done exploring.
923 ||| DRINKING 2 lumpy puce potions.
It was a potion of brilliance.
You feel clever all of a sudden.
Done exploring.
924 ||| DROPPING scroll of blinking.
You drop a scroll of blinking.
Done exploring.
925 ||| DROPPING potion of brilliance.
You drop a potion of brilliance.
Done exploring.
(D) Dungeon
Where to? (* - list waypoints, ? - help)
What level of the Dungeon? (default 1, ? - help) Sorry, I don't know how to get there.
Done exploring.
926 ||| Stepping randomly (stuck).
Really walk into that cloud of poison gas?
You are engulfed in poison gas.
You are lethally poisoned!
You feel very sick.
927 ||| Stepping ~*~*~tactically~*~*~ (cloud).
You feel very sick.
Things that are here:
a potion of brilliance; a scroll of blinking
There is a lethal amount of poison in your body!
You die...

########### #¤¤..#¤¤00#
###### #¤¤¤¤#¤0¤¤##### #....#
#¤¤¤¤¤¤@¤0¤¤¤0#
#....#####.....#¤¤¤¤¤¤¤#
..........##...#¤¤¤¤¤¤0######
...............¤¤00######...#
..#.......##...0¤0¤######.#.#
..#...###.##..¤¤¤¤¤##.....#.#
..#...###.#####¤00¤##.#####.#
..#.....#.....¤¤#¤¤0..##
#.#####
#####...##...##.#......#
#.....#


There were no monsters in sight!

Vanquished Creatures
  A bat (D:1)
  4 goblins (D:1)
  2 hobgoblins (D:1)
  2 kobolds (D:1)
  A quokka (D:1)
  A ball python (D:1)
  A frilled lizard (D:1)
  A rat (D:1)
13 creatures vanquished.

Notes
Turn   | Place    | Note
-------+----------+-------------------------------------------
     0 | D:1      | qw the Tengu Warper began the quest for the Orb.
     0 | D:1      | Reached XP level 1. HP: 12/12 MP: 4/4
     0 | D:1      | 0 ||| qw: Version: 0.1-a-89-g26bdef1
     0 | D:1      | 0 ||| qw: Game counter: 876
     0 | D:1      | 0 ||| qw: Always use a shield: true
     0 | D:1      | 0 ||| qw: God list: Okawaru
     0 | D:1      | 0 ||| qw: Allow faded altars: false
     0 | D:1      | 0 ||| qw: Do Orc after D:15 true
     0 | D:1      | 0 ||| qw: Do second Lair branch before Depths: true
     0 | D:1      | 0 ||| qw: Lair rune preference: random
     0 | D:1      | 0 ||| qw: Plans: Normal
     0 | D:1      | 0 ||| PLANNING D:1-11
   223 | D:1      | 223 ||| Stepping ~*~*~tactically~*~*~ (stealth).
   225 | D:1      | 225 ||| Stepping ~*~*~tactically~*~*~ (stealth).
   227 | D:1      | 227 ||| Stepping ~*~*~tactically~*~*~ (stealth).
   329 | D:1      | Reached XP level 2. HP: 13/17 MP: 6/6
   464 | D:1      | 464 ||| DROPPING +0 club.
   481 | D:1      | Reached skill level 3 in Axes
   498 | D:1      | Found a faded altar of an unknown god.
   920 | D:1      | 920 ||| READING scroll labelled ENARYF LUHAIR.
   921 | D:1      | 921 ||| READING scroll labelled QECWIM JELAM.
   922 | D:1      | 922 ||| READING scroll labelled DOEXAVOLUW.
   923 | D:1      | 923 ||| DRINKING 2 lumpy puce potions.
   924 | D:1      | 924 ||| DROPPING scroll of blinking.
   925 | D:1      | 925 ||| DROPPING potion of brilliance.
   926 | D:1      | 926 ||| Stepping randomly (stuck).
   927 | D:1      | 927 ||| Stepping ~*~*~tactically~*~*~ (cloud).
   927 | D:1      | HP: 1/17 [poisoned by you (poison gas)]
   928 | D:1      | Succumbed to their own poison gas

Levels and vault maps discovered:
D:1:      noname_arrival_rooms_in_the_neighbourhood, layout_basic,
          hellmonk_ecumenical_altar_crossroads, chequers_serial_rivers_micro_a

Skill      XL: |  1  2 |
---------------+-------+-----
Axes           | 3 |  3.3
Fighting       | |  2.0
Throwing       | |  1.0
Armour         | |  1.1
Dodging        | |  2.1
Spellcasting   | |  2.0
Translocations | |  2.4

Action                   || total
-------------------------++-------
Melee: Hand axe          ||    28
       Peck              ||     3
       Kick              ||     5
Throw: Boomerang         ||     7
  Use: Scroll            ||     3
       Potion            ||     1
Armor: Leather armour    ||     9
Dodge: Dodged            ||    12

Table legend:
 A = Non-vault XP
 B = Vault XP
 C = Vault XP percentage of total XP
 D = Non-vault monster count
 E = Vault monster count
 F = Vault count percentage of total count
                 A         B        C        D         E       F
            +---------+---------+-------+---------+---------+-------
      Total |      22 |       0 |   0.0 |      13 |       0 |   0.0
            +---------+---------+-------+---------+---------+-------
        D:1 |      22 |       0 |   0.0 |      13 |       0 |   0.0
            +---------+---------+-------+---------+---------+-------
